 Dungeon Crawl Stone Soup version 0.29-a0-284-gf9362112df (webtiles) character file.

Game seed: 14001864837526445787

485 sammy202020 the Skirmisher (level 6, -7/49 HPs)
             Began as a Demonspawn Berserker on Mar 18, 2022.
             Was a Believer of Trog.
             Mangled by Prince Ribbit (12 damage)
             ... on level 5 of the Dungeon.
             The game lasted 00:05:23 (2404 turns).

sammy202020 the Skirmisher (Demonspawn Berserker)   Turns: 2404, Time: 00:05:23

Health: -7/49      AC:  9    Str: 19    XL:     6   Next: 88%
Magic:  6/6        EV:  4    Int: 14    God:    Trog [**....]
Gold:   128        SH: 13    Dex: 15    Spells: 5/5 levels left

rFire   . . .      SeeInvis .   i - +0 flail
rCold   . . .      Faith    .   e - +1 tower shield
rNeg    . . .      Spirit   .   f - +0 chain mail
rPois   .          Reflect  .   (helmet restricted)
rElec   .          Harm     .   (no cloak)
rCorr   .          Rampage  .   (no gloves)
Will    ++...                   (no boots)
Stlth   ..........              c - amulet of regeneration
HPRegen 1.96/turn               d - +6 ring of intelligence
MPRegen 0.10/turn               (no ring)

@: strong-willed, on berserk cooldown, regenerating, slowed, very slow
A: horns 1, thin skeletal structure 1, demonic guardian 1
a: Renounce Religion, Berserk, Trog's Hand


You were on level 5 of the Dungeon.
You worshipped Trog.
Trog was pleased with you.
You visited 1 branch of the dungeon, and saw 4 of its levels.

You collected 128 gold pieces.

Inventory:

Hand Weapons
 a - a +0 mace
 i - a +0 flail (weapon)
Missiles
 b - a boomerang
 g - 6 atropa-tipped darts (quivered)
Armour
 e - a +1 tower shield (worn)
 f - a +0 chain mail (worn)
Jewellery
 c - an amulet of regeneration (around neck)
 d - a +6 ring of intelligence (left hand)
 p - a ring of magical power
Scrolls
 j - a scroll of magic mapping
 k - a scroll of fear
 l - a scroll of identify
 n - a scroll of enchant weapon {unknown}
Potions
 h - 2 potions of ambrosia
 m - 2 potions of haste
 o - a potion of flight {unknown}
 q - a potion of curing {unknown}


   Skills:
 * Level 4.5 Fighting
 * Level 4.2 Maces & Flails
 * Level 3.3 Armour
 + Level 2.8 Dodging
 * Level 2.6 Shields


You had 5 spell levels left.
You didn't know any spells.
Your spell library was empty.

Dungeon Overview and Level Annotations

Branches:
Dungeon (5/15)
 Temple: D:4-7

Altars:
Ashenzari

Shops:
D:5 (

Annotations:
D:5 Prince Ribbit


Innate Abilities, Weirdness & Mutations

You have a pair of small horns on your head.
You have a somewhat thin skeletal structure. (Dex +2, Stealth+)
A weak demonic guardian rushes to your aid.


Message History

Prince Ribbit blinks! x2; Your iron imp misses Prince Ribbit.
Prince Ribbit blinks!
Prince Ribbit blinks!
You swap places.
You swap places.
Your iron imp misses Prince Ribbit.
Prince Ribbit blinks!
Prince Ribbit blinks!
Prince Ribbit catches a spider with his tongue.
Prince Ribbit hits your iron imp. Prince Ribbit hits your iron imp!
Your iron imp hits Prince Ribbit.
Prince Ribbit hops awkwardly around.
Prince Ribbit hits your iron imp!
Your iron imp dies!
Your iron imp disappears in a puff of smoke!
Prince Ribbit blinks!
Prince Ribbit says, "You're just another fly to me."
Prince Ribbit hits you but does no damage.
Prince Ribbit hits you.
You closely miss Prince Ribbit.
Prince Ribbit is severely wounded.
Prince Ribbit hits you! You block Prince Ribbit's attack.
Prince Ribbit hops awkwardly around.
Prince Ribbit hits you but does no damage.
You closely miss Prince Ribbit.
Prince Ribbit is severely wounded.
Prince Ribbit hits you! You block Prince Ribbit's attack. x2
Prince Ribbit hits you.
* * * LOW HITPOINT WARNING * * *
You closely miss Prince Ribbit.
Prince Ribbit is severely wounded.
Prince Ribbit croaks regally.
Prince Ribbit hits you.
* * * LOW HITPOINT WARNING * * *
Prince Ribbit barely misses you. Prince Ribbit hits you!
* * * LOW HITPOINT WARNING * * *
A demonic guardian appears!
Your skin crawls.
You feel strong-willed. You block Prince Ribbit's attack.
Prince Ribbit hits you!
You die...

###.##.##..#.#..#.######
# ....#.##.##.#.#
#....#.##.##r#.#
#.##.#.##....#.#
##.##.#.###......
#..##.#.#...#.##.
##.##......###.# .
#..##5....## #.# ####
#####.....@F..# #.. ....
#......###....#####
####### #......#
#........#+#....##
#.....##
#####....#_#......
#....## #....###....##
#....# ##.........##
#....# #.........#
#....# ###.....###
###### #######


You could see Prince Ribbit (ally target) and a friendly white imp (summoned).

Vanquished Creatures
  An ice beast (D:5)
  A phantom (D:5)
  A scorpion (D:5)
  A hound (D:5)
  An orc priest (D:4)
  2 iguanas (D:4)
  A gnoll (D:1)
  3 adders
  An ufetubus (D:4)
  2 dart slugs
  8 orcs
  9 ball pythons
  3 bats
  9 endoplasms
  2 giant cockroaches
  3 hobgoblins
  4 kobolds
  4 quokkas (D:1)
  A frilled lizard (D:1)
  7 goblins
  2 rats
66 creatures vanquished.

Vanquished Creatures (collateral kills)
  An orc wizard (D:4)
  2 orcs (D:4)
  An endoplasm (D:1)
  A quokka (D:1)
  2 rats (D:1)
7 creatures vanquished.

Grand Total: 73 creatures vanquished

Notes
Turn   | Place    | Note
-------+----------+-------------------------------------------
     0 | D:1      | sammy202020 the Demonspawn Berserker began the quest for
                  | the Orb.
     0 | D:1      | Reached XP level 1. HP: 18/18 MP: 1/1
   319 | D:1      | Gained mutation: A weak demonic guardian rushes to your
                  | aid. [demonic ancestry]
   319 | D:1      | Reached XP level 2. HP: 9/24 MP: 2/2
   757 | D:1      | Found a faded altar of an unknown god.
   841 | D:1      | Reached XP level 3. HP: 28/29 MP: 3/3
  1211 | D:2      | Reached skill level 1 in Shields
  1317 | D:2      | Reached ** piety under Trog
  1321 | D:2      | Reached XP level 4. HP: 29/35 MP: 4/4
  1342 | D:2      | You fall into a shaft and drop 2 floors!
  1419 | D:4      | Gained mutation: You have a pair of small horns on your
                  | head. [demonic ancestry]
  1419 | D:4      | Reached XP level 5. HP: 26/42 MP: 5/5
  2076 | D:5      | Entered Level 5 of the Dungeon
  2173 | D:5      | Found Boatwawaam's Antique Weapon Boutique.
  2213 | D:5      | Noticed a phantom
  2222 | D:5      | Killed a phantom
  2223 | D:5      | Gained mutation: You have a somewhat thin skeletal
                  | structure. (Dex +2, Stealth+) [demonic ancestry]
  2223 | D:5      | Reached XP level 6. HP: 45/48 MP: 6/6
  2255 | D:5      | Noticed an ice beast
  2263 | D:5      | Killed an ice beast
  2338 | D:5      | Found a broken altar of Ashenzari.
  2364 | D:5      | Noticed Prince Ribbit
  2403 | D:5      | HP: 2/49 [Prince Ribbit (9)]
  2404 | D:5      | Mangled by Prince Ribbit

Illustrated notes

Levels and vault maps discovered:
D:1:      mushboom_english_gardens, layout_basic,
          hellmonk_ecumenical_altar_lost_god, minmay_misc_feat_enclosed,
          minmay_tromino_v4_b
D:2:      layout_basic, minmay_misc_feat_five
D:4:      layout_basic
D:5:      layout_rooms, gammafunk_temple_overflow_pools,
          ashenzari_conservatory_becter, serial_shops, nicolae_shop_trees,
          minmay_misc_feat_diagonals, uniq_prince_ribbit1

Skill      XL: |  1  2  3  4  5 |
---------------+----------------+-----
Armour         | 2 3 |  3.3
Maces & Flails | 3 4 |  4.2
Dodging        | 2 |  2.8
Shields        | 1 2 |  2.6
Fighting       | 4 |  4.5

Action                   |  1- 3 |  4- 6 || total
-------------------------+-------+-------++-------
Melee: Mace              |   124 |    77 ||   201
       Flail             |       |    40 ||    40
       Headbutt          |       |    15 ||    15
Invok: Berserk           |     2 |     1 ||     3
       Trog's Hand       |       |     3 ||     3
  Use: Scroll            |     4 |     6 ||    10
Armor: Animal skin       |    10 |       ||    10
       Chain mail        |    67 |    69 ||   136
Dodge: Dodged            |    43 |    20 ||    63
Block: Tower shield      |    70 |   106 ||   176

Table legend: (Time is in decaauts)
 A = Elapsed time spent in this place.
 B = Non-inter-level travel time spent in this place.
 C = Inter-level travel time spent in this place.
 D = Time resting spent in this place.
 E = Time spent auto-exploring this place.
 F = Levels seen in this place.
 G = Mean time per level.
                   A        B        C        D        E       F      G
               +--------+--------+--------+--------+--------+-----+--------+
         Total |   2572 |   2525 |     47 |     79 |   1692 |   4 |  643.0 |
       Dungeon |   2572 |   2525 |     47 |     79 |   1692 |   4 |  643.0 |
               +--------+--------+--------+--------+--------+-----+--------+

Top non-repeatable levels by time:
     D:1: 1208 daAuts
     D:4: 781 daAuts
     D:5: 358 daAuts
     D:2: 224 daAuts
